 Dungeon Crawl Stone Soup version 0.31-a0-865-g3d5d91748a (webtiles) character file.

Game seed: 1098214699671965724

271 Getoffmy the Trooper (level 6, 0/49 HPs)
             Began as a Demonspawn Monk on Oct 10, 2023.
             Was a Follower of Okawaru.
             Slain by a two-headed ogre
             ... wielding a +0 giant spiked club
              (22 damage)
             ... on level 4 of the Dungeon on Oct 11, 2023.
             The game lasted 00:04:32 (2907 turns).

Getoffmy the Trooper (Demonspawn Monk)              Turns: 2907, Time: 00:04:33

Health: 0/49       AC:  5    Str: 11    XL:     6   Next: 2%
Magic:  13/15      EV: 17    Int: 20    God:    Okawaru [*.....]
Gold:   249        SH:  0    Dex: 18    Spells: 5/5 levels left

rFire   . . .        s - +0 demon blade (vamp)
rCold   . . .        c - orb {light}
rNeg    . . .        r - +1 robe of Shielding {Int+3}
rPois   .            (no helmet)
rElec   .            g - +0 cloak
rCorr   .            (no gloves)
SInv    .            w - +0 pair of boots
Will    .....        (no amulet)
Stlth   ++           o - ring of magical power
HPRegen 0.28/turn    a - +6 ring of intelligence
MPRegen 0.14/turn

%: no passive effects
@: heroic, glowing
A: (demonic guardian 1)
a: Renounce Religion, Heroism


You were on level 4 of the Dungeon.
You worshipped Okawaru.
Okawaru was aware of your devotion.
You visited 1 branch of the dungeon, and saw 4 of its levels.

You collected 249 gold pieces.

Inventory:

Hand Weapons
 s - a +0 vampiric demon blade (weapon)
Missiles
 i - 27 stones
 t - 6 poisoned darts
Armour
 c - an orb of light (worn)
 g - a +0 cloak (worn)
 r - the +1 robe of Shielding (worn) {Int+3}
   (You found it on level 2 of the Dungeon)

   Int+3:     It affects your intelligence (+3).
 w - a +0 pair of boots (worn)
Jewellery
 a - a +6 ring of intelligence (right hand)
 o - a ring of magical power (left hand)
Scrolls
 d - a scroll of vulnerability {unknown}
 f - 2 scrolls of teleportation {unknown}
 j - 5 scrolls of identify {unknown}
 k - 2 scrolls of acquirement {unknown}
 l - 2 scrolls of noise {unknown}
 m - 3 scrolls of immolation {unknown}
 n - a scroll of amnesia {unknown}
 p - a scroll of fear {unknown}
Potions
 b - a potion of ambrosia
 e - a potion of heal wounds
 h - 3 potions of invisibility {unknown}
 q - 3 potions of curing {unknown}
 u - 2 potions of might {unknown}
 v - 2 potions of mutation {unknown}
 x - a potion of degeneration {unknown}
 z - a potion of magic {unknown}


   Skills:
 + Level 4.4(9.4) Fighting
 + Level 2.1(7.1) Long Blades
 + Level 4.0(9.0) Dodging
 - Level 3.7(8.7) Unarmed Combat


You had 5 spell levels left.
You didn't know any spells.
Your spell library contained the following spells:

 Spells                   Type           Power      Damage    Failure   Level
 Sandblast                Erth           0%         2d4       19%         1
 Passwall                 Tmut/Erth      0%         N/A       28%         2
 Stone Arrow              Conj/Erth      0%         3d7       50%         3
 Brom's Barrelling Bould  Conj/Erth      0%         2d3       88%         4


Dungeon Overview and Level Annotations

Branches:
Dungeon (4/15)
 Temple: D:4-7

Altars:
Nemelex Xobeh
Okawaru
Trog
Yredelemnul


Innate Abilities, Weirdness & Mutations

((A weak demonic guardian rushes to your aid.))


Message History

There is a stone staircase leading down here.
You start waiting.
Done waiting.
You see here a +0 robe.
You see here a +0 dagger.
There is a stone staircase leading down here.
You climb downwards.
There is a stone staircase leading up here.
The adder hisses angrily.
The two-headed ogre shouts in stereo!
Okay, then.
The adder bites you. The adder attacks as it pursues you!
The adder bites you but does no damage. The adder attacks as it pursues you!
The adder completely misses you. The adder closely misses you.
There is a stone staircase leading up here.
The adder misses you.
You climb upwards.
Found a basalt altar of Yredelemnul.
There is a stone staircase leading down here.
You hit the adder.
The adder is heavily wounded.
The adder bites you. The adder barely misses you.
You hit the adder.
You feel better.
You kill the adder!
Your Dodging skill increases to level 4!
You have reached level 6!
i - 27 stones (gained 5)
There is an iron altar of Okawaru here.
You kneel at the altar of Okawaru.
Okawaru welcomes you!
You can now gain great but temporary skills.
There is a stone staircase leading down, spattered with blood here.
Okay, then.
You climb downwards.
The two-headed ogre misses you.
The two-headed ogre hits you with a +0 giant spiked club!!
Ouch! That really hurt!
There is a stone staircase leading up, spattered with blood here.
You gain the combat prowess of a mighty hero.
The two-headed ogre hits you with a +0 giant spiked club!!
You die...

.# ##### ..#
#..O#...#
#.@.#.⌠.#
#...#...# .
#####...#...#..
#.......#...#..
#.<...8.'...+.8
#.......#../#..
#####...#...#..
#...#...# .
#.<.#.⌠.#


You could see a two-headed ogre.

Vanquished Creatures
  Sigmund (D:3)
  A gnoll (D:1)
  3 adders
  A worm (D:2)
  3 bats
  6 endoplasms
  3 giant cockroaches
  4 goblins
  8 hobgoblins
  4 jackals (D:2)
  2 quokkas
  5 ball pythons
  4 frilled lizards
  7 kobolds
  3 rats
55 creatures vanquished.

Vanquished Creatures (collateral kills)
  An endoplasm (D:2)
  A giant cockroach (D:1)
  2 kobolds (D:1)
4 creatures vanquished.

Grand Total: 59 creatures vanquished

Notes
Turn   | Place    | Note
-------+----------+-------------------------------------------
     0 | D:1      | Getoffmy the Demonspawn Monk began the quest for the Orb.
     0 | D:1      | Reached XP level 1. HP: 18/18 MP: 1/1
    84 | D:1      | Gained mutation: A weak demonic guardian rushes to your
                  | aid. [demonic ancestry]
    84 | D:1      | Reached XP level 2. HP: 2/24 MP: 2/2
   762 | D:1      | Reached XP level 3. HP: 29/29 MP: 3/3
  1440 | D:2      | Identified the +1 robe of Shielding {Int+3}
  1622 | D:2      | Reached XP level 4. HP: 35/35 MP: 4/4
  1911 | D:3      | Found a bloodstained altar of Trog.
  2251 | D:3      | Found an iron altar of Okawaru.
  2251 | D:3      | Found a sparkling altar of Nemelex Xobeh.
  2587 | D:3      | Noticed Sigmund
  2599 | D:3      | Killed Sigmund
  2600 | D:3      | Reached XP level 5. HP: 37/43 MP: 5/5
  2713 | D:4      | Noticed a two-headed ogre
  2880 | D:3      | Found a basalt altar of Yredelemnul.
  2883 | D:3      | Reached XP level 6. HP: 48/49 MP: 6/6
  2894 | D:3      | Became a worshipper of Warmaster Okawaru
  2894 | D:3      | Reached * piety under Okawaru
  2894 | D:3      | Reached ** piety under Okawaru
  2907 | D:4      | Slain by a two-headed ogre

Illustrated notes

Levels and vault maps discovered:
D:1:      wander_arrival_abandoned_jail, layout_basic
D:2:      layout_basic, minmay_hexomino_p4
D:3:      layout_loops_ring, nicolae_overflow_hidden_temple,
          amcnicky_altar_gilded, corexii_item_surrounded_by_moat,
          ebering_dispersal_statue_hall, uniq_sigmund
D:4:      layout_rooms, nicolae_wu_jian_immortal_techniques,
          nicolae_elevator_lobby_plus

Skill      XL: |  1  2  3  4  5 |
---------------+----------------+-----
Unarmed Combat | 3 |  3.7
Dodging        | 3 4 |  4.0
Fighting       | 4 |  4.4
Long Blades    | 2 |  2.1

Action                     |  1- 3 |  4- 6 || total
---------------------------+-------+-------++-------
  Melee: Unarmed           |   113 |       ||   113
         Demon blade       |       |    35 ||    35
 Invoke: Heroism           |       |     1 ||     1
    Use: Potion            |       |     1 ||     1
   Stab: Sleeping          |     1 |       ||     1
 Armour: Robe              |    45 |    18 ||    63
  Dodge: Dodged            |    57 |    32 ||    89

Table legend: (Time is in decaauts)
 A = Elapsed time spent in this place.
 B = Non-inter-level travel time spent in this place.
 C = Inter-level travel time spent in this place.
 D = Time resting spent in this place.
 E = Time spent auto-exploring this place.
 F = Levels seen in this place.
 G = Mean time per level.
                   A        B        C        D        E       F      G
               +--------+--------+--------+--------+--------+-----+--------+
         Total |   2909 |   2787 |    122 |    346 |   1947 |   4 |  727.2 |
       Dungeon |   2909 |   2787 |    122 |    346 |   1947 |   4 |  727.2 |
               +--------+--------+--------+--------+--------+-----+--------+

Top non-repeatable levels by time:
     D:1: 1020 daAuts
     D:3: 1003 daAuts
     D:2: 858 daAuts
     D:4: 27 daAuts
